 Dungeon Crawl Stone Soup version 0.17-a0-776-gd86b262 (webtiles) character file.

767 Hanyuu the Insei (level 7, -8/44 HPs)
             Began as an Octopode Transmuter on Apr 24, 2015.
             Mangled by an ogre
             ... wielding a +0 giant club
              (27 damage)
             ... on level 5 of the Dungeon.
             The game lasted 00:33:22 (8276 turns).

Hanyuu the Insei (Octopode Transmuter)              Turns: 8276, Time: 00:33:23

Health: -8/44      AC: -1    Str:  9    XL:     7   Next: 82%
Magic:  11/11      EV: 13    Int: 15    God:
Gold:   242        SH:  0    Dex: 15    Spells: 3 memorised, 6 levels left

rFire  + . .     SeeInvis +       - Unarmed
rCold  . . .     Clarity  .     (no shield)
rNeg   + . .     SustAb   .     (helmet restricted)
rPois  .         Gourm    .     z - amulet of warding
rElec  .         Spirit   .     v - -2 ring of protection (curse)
rCorr  .         Warding  +     r - ring of protection from fire
rMut   .         Stasis   .     B - ring of see invisible
MR     .....                    (no ring)
Stlth  ++........               (no ring)
                                (no ring)
                                (no ring)
                                (no ring)

@: not resistant to hostile enchantments, unstealthy
A: almost no armour, amphibious, 8 rings, constrict 8, camouflage 1, gelatinous
body 1
a: no special abilities


You were on level 5 of the Dungeon.
You were not hungry.

You visited 1 branch of the dungeon, and saw 6 of its levels.

You collected 242 gold pieces.

Inventory:

Hand weapons
 a - a +0 hunting sling
 F - a +0 spear
Missiles
 m - 10 bolts of flame (quivered)
 t - 130 stones
 x - 10 poisoned needles
 C - 32 bolts
Magical staves
 f - an uncursed staff of poison
Jewellery
 r - a ring of protection from fire (right tentacle)
 v - a cursed -2 ring of protection (left tentacle)
 z - an amulet of warding (around mantle)
 B - a ring of see invisible (on tentacle)
Magical devices
 u - a wand of draining (11)
 y - a wand of slowing (26)
Scrolls
 l - 4 scrolls of identify
 D - a scroll of blinking
Potions
 e - a potion of ambrosia {unknown}
 g - a potion of magic {unknown}
 h - a potion of might {unknown}
 j - a potion of restore abilities {unknown}
 k - 3 potions of haste {unknown}
 n - 4 potions of resistance
 o - a potion of agility {unknown}
 p - a potion of invisibility
 q - a potion of cure mutation {unknown}
 w - 3 potions of curing {unknown}
 A - a potion of flight {unknown}
Books
 b - a book of Changes

   Spells                             Type                      Level
   a - Beastly Appendage              Transmutation                1
   b - Sticks to Snakes               Transmutation                2
   c - Spider Form                    Transmutation/Poison         3
   d - Ice Form                       Ice/Transmutation            4
   e - Blade Hands                    Transmutation                5
Comestibles
 c - 2 bread rations
 d - 4 meat rations
 i - 3 beef jerkies


   Skills:
 + Level 1.9 Fighting
 + Level 3.2 Dodging
 + Level 7.1 Unarmed Combat
 - Level 3.0 Spellcasting
 - Level 4.0 Transmutations


You had 6 spell levels left.
You knew the following spells:

 Your Spells              Type           Power        Failure   Level  Hunger
a - Beastly Appendage     Trmt           ##....       4%          1    #......
b - Sticks to Snakes      Trmt           ##........   8%          2    ##.....
c - Spider Form           Trmt/Pois      #.........   30%         3    ###....


Dungeon Overview and Level Annotations

Branches:
Dungeon (6/15)
 Temple: D:4-7

Altars:
Cheibriados
Dithmenos
Elyvilon
Gozag
Kikubaaqudgha
Ru
Yredelemnul
The Shining One


Innate Abilities, Weirdness & Mutations

You cannot wear most types of armour.
You are amphibious.
You can wear up to eight rings at the same time.
You can use your tentacles to constrict eight enemies at once.
Your skin changes colour to match your surroundings (Stealth).
Your rubbery body absorbs attacks (AC +1).


Message History

Confirm with . or Enter, or press ? or * to list all spells.
Your tentacles feel slithery!
Wield which item (- for none, * to show all)? (? for menu, Esc to quit)
Okay, then.
Quivering
m - 10 bolts of flame for throwing.
Casting: Sticks to Snakes
Confirm with . or Enter, or press ? or * to list all spells.
Your tentacles feel slithery!
The gnoll shouts!
The ogre hits you with a giant club!!
Ouch! That really hurt!
* * * LOW HITPOINT WARNING * * *
The gnoll shouts!
You climb upwards.
There is a stone staircase leading down here.
Unknown command.
The ogre barely misses you. The ogre hits you with a giant club!!
Ouch! That really hurt!
You die...

#.#####.####.# #.[..#.###
#.#####.####.#######
####.##.#.
#.##.......#.......#
#......
#.##.##.##.#..####.#
#######
#.##.##.##.#).####.######
#.......................#
#
####.########.####.####)##
# #.# ###.####.# #..# #
#.## #....O@..# ##.# #
#..# #.......## #.# #####
##.#
#.......######.####....
#.#
#...........##.....>...
#.#
#.......###.##.####...[
#.# #.......# #.##.# #####
#.# #.......###.##.# # #.#
#########.....># # #.#
#.###### #


You could see an ogre.

Vanquished Creatures
  A necrophage (D:5)
  A scorpion (D:5)
  3 worker ants (D:5)
  An orc priest (D:5)
  5 orc wizards
  A gnoll shaman (D:5)
  14 gnolls
  8 adders
  4 oozes
  An adder zombie (D:5)
  4 worms
  19 orcs
  A bat skeleton (D:5)
  4 giant cockroaches
  14 goblins
  11 hobgoblins
  29 jackals
  7 kobolds
  4 quokkas
  A ball python (D:1)
  5 bats
  3 giant geckos
  8 giant newts
  11 rats
160 creatures vanquished.

Vanquished Creatures (collateral kills)
  A gnoll (D:2)
  4 goblins (D:2)
  A hobgoblin (D:1)
  A jackal (D:2)
7 creatures vanquished.

Grand Total: 167 creatures vanquished

Notes
Turn   | Place    | Note
--------------------------------------------------------------
     0 | D:1      | Hanyuu, the Octopode Transmuter, began the quest for the Orb.
     0 | D:1      | Reached XP level 1. HP: 13/13 MP: 3/3
    79 | D:1      | Reached XP level 2. HP: 9/18 MP: 5/5
   643 | D:1      | Reached skill level 4 in Unarmed Combat
   705 | D:1      | Learned a level 2 spell: Sticks to Snakes
   825 | D:1      | Reached XP level 3. HP: 23/23 MP: 6/6
  1236 | D:2      | Reached XP level 4. HP: 21/28 MP: 7/7
  1471 | D:2      | Reached skill level 5 in Unarmed Combat
  1729 | D:2      | Learned a level 3 spell: Spider Form
  2398 | D:2      | Found an opulent altar of Gozag.
  2437 | D:2      | Reached XP level 5. HP: 33/33 MP: 6/8
  2926 | D:2      | Found a sacrificial altar of Ru.
  2934 | D:2      | Found a basalt altar of Yredelemnul.
  3530 | D:3      | Found a white marble altar of Elyvilon.
  3777 | D:3      | Found a glowing golden altar of the Shining One.
  3903 | D:3      | Reached XP level 6. HP: 20/38 MP: 6/9
  4506 | D:3      | Found a shadowy altar of Dithmenos.
  4507 | D:3      | Found an ancient bone altar of Kikubaaqudgha.
  4838 | D:4      | Reached skill level 6 in Unarmed Combat
  5837 | D:4      | Found a snail-covered altar of Cheibriados.
  6087 | D:5      | Entered Level 5 of the Dungeon
  6491 | D:5      | Reached XP level 7. HP: 43/43 MP: 6/11
  7446 | D:5      | Reached skill level 7 in Unarmed Combat
  8276 | D:5      | Mangled by an ogre

Action                   |  1- 3 |  4- 6 |  7- 9 || total
-------------------------+-------+-------+-------++-------
Melee: Unarmed           |    78 |   238 |    87 ||   403
 Fire: Hunting sling     |       |     6 |       ||     6
Throw: Stone             |       |     2 |     5 ||     7
 Cast: Sticks to Snakes  |     4 |     2 |     6 ||    12
       Beastly Appendage |     2 |    14 |     3 ||    19
       Spider Form       |       |     2 |     2 ||     4
 Abil: End Transformatio |       |       |     2 ||     2
  Use: Scroll            |       |     6 |       ||     6
 Stab: Sleeping          |     4 |     7 |     2 ||    13
       Distracted        |       |       |     1 ||     1
  Eat: Chunk             |     1 |    17 |     3 ||    21
       Bread ration      |       |       |     1 ||     1
